[Event "January 9 Early 2024"]
[Site "https://www.chess.com"]
[Date "2024.01.11"]
[Round "11"]
[White "Kornyukov, Alexey"]
[Black "Zhuk, Valeriy"]
[Result "0-1"]
[Board "163"]
[TimeControl "180+1"]
[WhiteFideId "4150457"]
[BlackFideId "24151254"]
[WhiteElo "2264"]
[BlackElo "2417"]
[WhiteTeam "RUS"]
[BlackTeam "RUS"]
[WhiteClock "0:00:06"]
[BlackClock "0:00:30"]

1. d4 d5 2. Nc3 Nf6 3. Bg5 c5 4. dxc5 d4 5. Bxf6 gxf6 6. Ne4 Bf5 7. Ng3 Bg6 8. Nf3 e5 9. e3 dxe3 10. Qxd8+ Kxd8 11. O-O-O+ Kc7 12. fxe3 Bxc5 13. e4 h5 14. Nh4 Nc6 15. Nxg6 fxg6 16. c3 h4 17. Ne2 Rad8 18. Rd5 Be3+ 19. Kc2 Ne7 20. Rd3 Rxd3 21. Kxd3 Bg5 22. Ng1 Rd8+ 23. Kc4 Rd2 24. Kb3 Nc6 25. Nf3 Rd1 26. Nxg5 fxg5 27. g3 h3 28. Kc2 Ra1 29. Bg2 Rxh1 30. Bxh1 g4 31. Kd3 Nd8 32. Kc4 Kd6 33. b4 Ne6 34. a4 Ng5 35. Kd3 Kc6 36. c4 a5 37. bxa5 Kc5 38. Kc3 Nf3 39. Bxf3 gxf3 40. Kd2 Kxc4 41. Ke3 Kb4 42. Kxf3 Kxa5 43. Kg4 Kxa4 44. Kg5 b5 45. Kxg6 b4 46. Kf5 b3 47. g4 b2 48. g5 b1=Q 49. g6 Qb8 50. Kf6 Qg8 51. Kf5 Qg7 52. Kg5 Kb5 53. Kh4 Qxg6 54. Kxh3 Qxe4 55. Kg3 Qg6+ 56. Kf3 Kc4 57. Ke3 Kd5 58. h4 Qg3+ 59. Kd2 Kd4 60. h5 Qf2+ 61. Kc1 Kc3 62. Kd1 Qd2# 0-1

[Event "January 9 Early 2024"]
[Site "https://www.chess.com"]
[Date "2024.01.11"]
[Round "11"]
[White "Terry, Renato"]
[Black "Bortnyk, Olexandr"]
[Result "1-0"]
[Board "164"]
[TimeControl "180+1"]
[WhiteFideId "3803457"]
[BlackFideId "14120828"]
[WhiteElo "3020"]
[BlackElo "3109"]
[WhiteTeam "PER"]
[BlackTeam "UKR"]
[WhiteClock "0:00:03"]
[BlackClock "0:00:05"]

1. d4 Nf6 2. Bg5 d5 3. e3 c5 4. c3 e6 5. Nd2 Nc6 6. Ngf3 cxd4 7. exd4 Be7 8. Bd3 O-O 9. O-O Bd7 10. h3 Rc8 11. Bf4 Na5 12. Ne5 b5 13. a3 Nc4 14. Rb1 a5 15. Qe2 b4 16. axb4 Nxd2 17. Bxd2 axb4 18. g4 Be8 19. f4 Qb6 20. f5 exf5 21. Rxf5 Rc7 22. Rbf1 bxc3 23. bxc3 Ne4 24. Bxe4 dxe4 25. Qxe4 f6 26. g5 Qe6 27. Qg4 g6 28. Rxf6 Qxg4+ 29. hxg4 Bxf6 30. gxf6 Bf7 31. g5 Bd5 32. Kf2 Ra8 33. Rb1 Rb7 34. Rxb7 Bxb7 35. c4 Ra2 36. Ke2 Ra3 37. d5 Rg3 38. Bf4 Rg2+ 39. Ke3 Rc2 40. d6 Bc8 41. Kd4 Be6 42. c5 Ra2 43. c6 Ra4+ 44. Ke3 Ra3+ 45. Kf2 Ra2+ 46. Ke1 Ra1+ 47. Ke2 Ra4 48. d7 Rd4 49. Ke3 Rd6 50. Bg3 h5 51. Nxg6 Kf7 52. Nf4 Rxc6 53. g6+ Kxf6 54. d8=Q+ Kf5 55. Qf8+ Kg4 56. Nxe6 Rc3+ 57. Kf2 Rxg3 58. Qf4+ Kh3 59. Qxg3# 1-0

[Event "January 9 Early 2024"]
[Site "https://www.chess.com"]
[Date "2024.01.11"]
[Round "11"]
[White "Rustamov, Rustam"]
[Black "Sturt, Raven"]
[Result "1/2-1/2"]
[Board "165"]
[TimeControl "180+1"]
[WhiteFideId "13440110"]
[BlackFideId "2007304"]
[WhiteElo "2889"]
[BlackElo "2786"]
[WhiteTeam "AZE"]
[BlackTeam "USA"]
[WhiteClock "0:00:30"]
[BlackClock "0:00:17"]

1. e4 c5 2. Nf3 e6 3. c3 Nf6 4. e5 Nd5 5. d4 cxd4 6. cxd4 d6 7. Bd3 dxe5 8. Nxe5 Nc6 9. Nxc6 bxc6 10. O-O Bd6 11. Nc3 O-O 12. g3 a5 13. Ne4 Ba6 14. a3 Bxd3 15. Qxd3 Rb8 16. Qc4 Qd7 17. Bd2 Rxb2 18. Bxa5 Ra8 19. Bc3 Rbb8 20. Nc5 Bxc5 21. dxc5 Qb7 22. Be5 Re8 23. Rfb1 Qa6 24. Qxa6 Rxa6 25. a4 f6 26. Rb8 Rxb8 27. Bxb8 Ra5 28. Bd6 e5 29. Ra3 Kf7 30. Kg2 Ke6 31. h4 Nb4 32. Bf8 g6 33. g4 Na6 34. Kf3 Nxc5 35. Bxc5 Rxc5 36. a5 Rb5 37. a6 Rb8 38. Ra5 Kd6 39. Ke4 Rb4+ 40. Kd3 Rb8 41. Ke4 Kc7 42. g5 fxg5 43. hxg5 Rb4+ 44. Ke3 Rb3+ 45. Ke4 Rb4+ 46. Kd3 Kb8 47. Rxe5 Ka7 48. Re6 Rg4 49. Rxc6 Rxg5 50. f4 Rd5+ 51. Ke4 Rd7 52. Kf3 Rf7 53. Kg4 Kb8 54. Kg5 Rf5+ 55. Kg4 Rf7 56. Rb6+ Ka7 57. Rd6 Re7 58. Kg5 Rf7 59. Re6 Rf5+ 60. Kg4 h5+ 61. Kg3 g5 62. fxg5 Rxg5+ 63. Kh4 Ra5 64. Rh6 Rxa6 65. Rh7+ Kb6 66. Rxh5 Ra4+ 67. Kg5 Ra5+ 68. Kg6 Rxh5 69. Kxh5 1/2-1/2

[Event "January 9 Early 2024"]
[Site "https://www.chess.com"]
[Date "2024.01.11"]
[Round "11"]
[White "De Souza, Cristiano Gomes"]
[Black "Jovic, Stanoje"]
[Result "0-1"]
[Board "166"]
[TimeControl "180+1"]
[WhiteFideId "2151758"]
[BlackFideId "905020"]
[WhiteElo "2270"]
[BlackElo "2423"]
[WhiteTeam "BRA"]
[BlackTeam "SRB"]
[WhiteClock "0:00:16"]
[BlackClock "0:00:15"]

1. d4 Nf6 2. c4 e6 3. Nf3 d5 4. Nc3 Bb4 5. Bg5 O-O 6. e3 h6 7. Bxf6 Qxf6 8. Rc1 Nd7 9. a3 Bxc3+ 10. Rxc3 c6 11. Bd3 dxc4 12. Bxc4 e5 13. O-O e4 14. Nd2 Re8 15. Ba2 Nb6 16. Rc5 Qg6 17. Qh5 Qxh5 18. Rxh5 Bg4 19. Rc5 Be2 20. Rfc1 Na4 21. Ra5 Nxb2 22. Rb1 b6 23. Rf5 Na4 24. Bxf7+ Kh8 25. Bxe8 Rxe8 26. Rc1 Re6 27. Rf8+ Kh7 28. Rc8 c5 29. dxc5 Nxc5 30. Rc7 a5 31. h3 Rd6 32. Nc4 Bxc4 33. Rxc4 Rd3 34. Rd4 Rxa3 35. Rc6 Rb3 36. Rdd6 Rb1+ 37. Kh2 Rb2 38. Rxb6 Rxf2 39. Rb5 Nd3 40. Rxa5 Ne1 41. Kg3 Rxg2+ 42. Kf4 Rh2 43. Kxe4 Rxh3 44. Ra7 Rh4+ 45. Ke5 Nf3+ 46. Kd5 Rg4 47. Rdd7 h5 48. e4 h4 49. e5 Rg5 50. Re7 h3 51. Ra1 h2 52. Rh1 Rg1 53. Rxh2+ Nxh2 54. e6 Ng4 55. Rf7 Nf6+ 56. Ke5 Re1+ 57. Kf5 Rf1+ 58. Ke5 Kg6 59. Rxf6+ gxf6+ 60. Kd6 Rd1+ 61. Ke7 f5 62. Kf8 Re1 63. e7 f4 64. e8=Q+ Rxe8+ 65. Kxe8 f3 0-1

[Event "January 9 Early 2024"]
[Site "https://www.chess.com"]
[Date "2024.01.11"]
[Round "11"]
[White "Caspi, Israel"]
[Black "De Winter, Arthur"]
[Result "0-1"]
[Board "167"]
[TimeControl "180+1"]
[WhiteFideId "2807394"]
[BlackFideId "1069020"]
[WhiteElo "2636"]
[BlackElo "2786"]
[WhiteTeam "ISR"]
[BlackTeam "NED"]
[WhiteClock "0:00:06"]
[BlackClock "0:00:10"]

1. e4 c5 2. Nf3 Nc6 3. d4 cxd4 4. Nxd4 e5 5. Nb5 d6 6. N1c3 a6 7. Na3 b5 8. Nd5 Nce7 9. c4 Nxd5 10. exd5 b4 11. Qa4+ Bd7 12. Qxb4 f5 13. Be2 Nf6 14. O-O Be7 15. Nc2 O-O 16. b3 f4 17. f3 Rb8 18. Qe1 Bf5 19. Qd1 Qb6+ 20. Kh1 Nh5 21. Bd3 Rf6 22. h3 Ng3+ 23. Kh2 Bxd3 24. Qxd3 Nxf1+ 25. Qxf1 e4 26. Bb2 Rf7 27. Bd4 Qc7 28. fxe4 f3 29. gxf3 Rbf8 30. Ne1 Bh4 31. Bf2 Bf6 32. Rd1 Be5+ 33. Kh1 Rf6 34. Bd4 Bxd4 35. Rxd4 Qd7 36. Rd2 Rh6 37. Rh2 Rh4 38. Qg2 Qe7 39. Qg3 Rh6 40. Nd3 Rg6 41. Qf2 Qf6 42. Ne1 Qf4 43. Rg2 Rh6 44. Rg3 Rff6 45. Qg2 Rfg6 46. Rxg6 Rxg6 47. Qf1 Qg3 48. Nd3 Rh6 49. Nf2 Qxf3+ 50. Qg2 Qf4 51. b4 Rg6 52. Qf1 Qf3+ 53. Kh2 Qg3+ 54. Kh1 Rf6 55. Qg2 Qxf2 56. Qxf2 Rxf2 57. c5 Kf8 58. cxd6 Ke8 59. e5 Rd2 60. e6 Rxd5 61. d7+ Ke7 0-1

[Event "January 9 Early 2024"]
[Site "https://www.chess.com"]
[Date "2024.01.11"]
[Round "11"]
[White "Kuzubov, Yuriy"]
[Black "Wu, Derek"]
[Result "1/2-1/2"]
[Board "168"]
[TimeControl "180+1"]
[WhiteFideId "14112906"]
[BlackFideId "30914558"]
[WhiteElo "2861"]
[BlackElo "2675"]
[WhiteTeam "UKR"]
[BlackTeam "USA"]
[WhiteClock "0:00:07"]
[BlackClock "0:00:15"]

1. d4 d5 2. c4 c6 3. Nf3 Nf6 4. Nc3 e6 5. e3 a6 6. b3 Bb4 7. Bd2 O-O 8. Bd3 Nbd7 9. Qc2 Re8 10. O-O Bd6 11. e4 dxc4 12. Bxc4 e5 13. Ng5 Re7 14. f4 exd4 15. e5 Bxe5 16. fxe5 Nxe5 17. Rxf6 d3 18. Nxf7 dxc2 19. Nxd8+ Nxc4 20. Rf2 Nxd2 21. Rxd2 Bf5 22. Na4 h5 23. h3 Rb8 24. Nc5 h4 25. Ndxb7 Rexb7 26. Nxb7 Rxb7 27. Kf2 a5 28. Ke3 Rb4 29. Rf2 g6 30. Kd2 Kf7 31. Kc3 Ke6 32. Re1+ Kd6 33. Rd2+ Kc5 34. Rf2 Kb6 35. Rxf5 gxf5 36. Kxc2 Rf4 37. Re2 a4 38. Kd3 axb3 39. axb3 Rb4 40. Kc3 Rf4 41. Kd3 Kb5 42. Rc2 c5 43. Ke3 Rb4 44. Rc3 Rd4 45. Kf3 Kb4 46. Rc1 Rd3+ 47. Kf4 Rd2 48. g4 hxg3 49. Kxg3 Rd3+ 50. Kg2 Rxb3 51. h4 c4 52. h5 Rb2+ 53. Kg3 Ra2 54. h6 Ra6 55. Rh1 Ra8 56. Kf4 c3 57. Kxf5 c2 58. Kg6 Ra6+ 59. Kg5 Ra5+ 60. Kg6 Kc3 61. h7 Ra8 62. Rc1 Kd2 63. Rxc2+ Kxc2 64. Kg7 Ra7+ 65. Kg8 Rxh7 66. Kxh7 1/2-1/2

[Event "January 9 Early 2024"]
[Site "https://www.chess.com"]
[Date "2024.01.11"]
[Round "11"]
[White "Sahin, Sarp"]
[Black "Iljin, Timofey"]
[Result "1-0"]
[Board "169"]
[TimeControl "180+1"]
[WhiteFideId "51605066"]
[BlackFideId "14110180"]
[WhiteElo "2455"]
[BlackElo "2540"]
[WhiteTeam "TUR"]
[BlackTeam "UKR"]
[WhiteClock "0:00:01"]
[BlackClock "0:00:01"]

1. e4 c5 2. Nf3 Nc6 3. d4 cxd4 4. Nxd4 e5 5. Nb5 d6 6. N1c3 Be6 7. Nd5 Rc8 8. Be2 a6 9. Na3 Nf6 10. Bg5 Bxd5 11. Bxf6 Qa5+ 12. c3 Bxe4 13. Nc4 Qd5 14. Qxd5 Bxd5 15. Nb6 Rb8 16. Nxd5 gxf6 17. Nxf6+ Ke7 18. Nd5+ Ke6 19. O-O-O Bh6+ 20. Kb1 b5 21. Rhe1 f5 22. f3 Rb7 23. Bf1 Kf7 24. g4 fxg4 25. fxg4 Rhb8 26. Bg2 Na5 27. h4 Nc4 28. g5 Bf8 29. b3 Na5 30. Rf1+ Kg7 31. Nb4 Rf7 32. Nxa6 Rc8 33. Kb2 Nc6 34. Bh3 Ra8 35. Rxf7+ Kxf7 36. Nc7 Rb8 37. Rf1+ Ke7 38. Nd5+ Ke8 39. Be6 Be7 40. h5 b4 41. g6 bxc3+ 42. Kxc3 hxg6 43. hxg6 Nd4 44. g7 Nxe6 45. g8=Q+ Nf8 46. Rxf8+ Bxf8 47. Qe6+ Kd8 48. Nf6 Kc7 49. Qd7+ Kb6 50. Nd5+ Ka6 51. Qa4+ Kb7 52. Qb5+ Ka7 53. Qa5+ Kb7 54. Qc7+ Ka6 55. Nb4+ 1-0

[Event "January 9 Early 2024"]
[Site "https://www.chess.com"]
[Date "2024.01.11"]
[Round "11"]
[White "Luukkonen, Tommi"]
[Black "Avramidou, Anastasia"]
[Result "1-0"]
[Board "170"]
[TimeControl "180+1"]
[WhiteFideId "501808"]
[BlackFideId "4239873"]
[WhiteElo "2362"]
[BlackElo "2508"]
[WhiteTeam "FIN"]
[BlackTeam "GRE"]
[WhiteClock "0:00:07"]
[BlackClock "0:00:02"]

1. d4 g6 2. e4 Bg7 3. Nc3 d6 4. Nge2 a6 5. h3 b5 6. g4 Bb7 7. Bg2 Nf6 8. Ng3 e5 9. Be3 exd4 10. Bxd4 c5 11. Be3 b4 12. Nce2 O-O 13. O-O Re8 14. c3 Nc6 15. g5 Nd7 16. f4 Nb6 17. f5 Nc4 18. Bf4 Qb6 19. f6 Bf8 20. Qb3 N6a5 21. Qc2 Ne5 22. Rad1 Bc6 23. Kh2 Bb5 24. Rfe1 Rad8 25. b3 Bxe2 26. Rxe2 Nac6 27. Be3 bxc3 28. Qxc3 Qb4 29. Qc2 Rc8 30. Bd2 Qb8 31. Bc3 Nd4 32. Bxd4 cxd4 33. Qb2 d3 34. Red2 h6 35. h4 Rc5 36. Qd4 hxg5 37. h5 g4 38. hxg6 Nxg6 39. Nf5 d5+ 40. Kh1 dxe4 41. Bxe4 Rce5 42. Bxd3 Qb7+ 43. Kh2 Qf3 44. Ng3 Bh6 45. Rf1 Qe3 46. Qxe3 Bxe3 47. Rg2 Bf4 48. Bxg6 Bg5 49. Bh5 Re3 50. Bxg4 Kf8 51. Nf5 R8e5 52. Nxe3 Bxe3 53. Re2 1-0

[Event "January 9 Early 2024"]
[Site "https://www.chess.com"]
[Date "2024.01.11"]
[Round "11"]
[White "Reprintsev, Alexander"]
[Black "Yagupov, Igor"]
[Result "1-0"]
[Board "171"]
[TimeControl "180+1"]
[WhiteFideId "14100541"]
[BlackFideId "4113632"]
[WhiteElo "2466"]
[BlackElo "2600"]
[WhiteTeam "UKR"]
[BlackTeam "RUS"]
[WhiteClock "0:00:19"]
[BlackClock "0:00:10"]

1. e4 c5 2. b3 g6 3. Bb2 Nf6 4. e5 Nd5 5. Nc3 Nc7 6. d4 cxd4 7. Qxd4 Nc6 8. Qe4 Bg7 9. Nf3 O-O 10. O-O-O f5 11. Qe3 Ne6 12. Bc4 Qa5 13. Bxe6+ dxe6 14. Rhe1 b6 15. a3 Qa6 16. h4 h6 17. g3 Qb7 18. Ne2 Bd7 19. Nf4 Kf7 20. Rd2 Rad8 21. Red1 Bc8 22. h5 g5 23. Ng6 Rxd2 24. Nxd2 Rd8 25. f4 g4 26. Nc4 Rxd1+ 27. Kxd1 Qd7+ 28. Qd3 Qd5 29. Qxd5 exd5 30. Ne3 e6 31. c4 dxc4 32. Nxc4 Bf8 33. b4 Ba6 34. Ne3 Bb5 35. Kd2 a5 36. bxa5 Nxa5 37. Kc3 Bc5 38. Bc1 Kg7 39. Nh4 Be8 40. Nhxf5+ exf5 41. Nxf5+ Kh7 42. Be3 Bxe3 43. Nxe3 Bf7 44. Nxg4 Bxh5 45. Nf6+ Kg6 46. g4 Bxg4 47. Nxg4 Kf5 48. Nxh6+ Kxf4 49. e6 Nc6 50. Ng8 Ke5 51. e7 Nxe7 52. Nxe7 Kd6 53. Nf5+ Kc5 54. Kb3 Kb5 55. Nd4+ Ka5 56. Nc2 Kb5 57. a4+ Ka5 58. Nd4 Ka6 59. Kb4 Ka7 60. Kb5 Kb7 61. Nc2 Ka7 62. Ne3 Kb7 63. Nc4 1-0

[Event "January 9 Early 2024"]
[Site "https://www.chess.com"]
[Date "2024.01.11"]
[Round "11"]
[White "Erzhanov, Arman"]
[Black "Ranaldi, Lucas"]
[Result "0-1"]
[Board "172"]
[TimeControl "180+1"]
[WhiteFideId "4138821"]
[BlackFideId "1519484"]
[WhiteElo "2551"]
[BlackElo "2719"]
[WhiteTeam "KAZ"]
[BlackTeam "NOR"]
[WhiteClock "0:00:18"]
[BlackClock "0:00:05"]

1. e4 c6 2. d3 d5 3. Nf3 g6 4. Be2 Bg7 5. O-O e5 6. Re1 Ne7 7. Bf1 d4 8. a4 c5 9. Na3 Nbc6 10. Nc4 b6 11. b3 O-O 12. Ba3 a6 13. a5 Nxa5 14. Nxa5 bxa5 15. Bxc5 Re8 16. Qc1 Bg4 17. Nd2 Bh6 18. h3 Be6 19. Rd1 Rc8 20. Bxe7 Rxe7 21. Qb2 Bxd2 22. Rxd2 Rc5 23. Be2 Qb6 24. Bd1 Qb4 25. Re2 Bd7 26. Qa3 Qc3 27. Ra2 Be6 28. Qb2 Qb4 29. Ra4 Qb6 30. Qa3 Rb7 31. Kh2 Bd7 32. Rc4 Rxc4 33. dxc4 Qb4 34. Qa1 a4 35. f4 a3 36. fxe5 Qc5 37. Kh1 Bc6 38. c3 d3 39. Ra2 Qe3 40. Bf3 d2 41. Qd1 Qe1+ 42. Kh2 Bxe4 43. Rxd2 Qxd1 44. Rxd1 Bxf3 45. gxf3 Rxb3 46. Ra1 Rxc3 47. Kg3 Kf8 48. Kf4 Ke7 49. Ke4 Rxc4+ 50. Kd5 Ra4 51. f4 a2 52. h4 Kf8 53. Kc5 Rxf4 54. Kd6 Rxh4 55. Rxa2 Rd4+ 56. Kc5 Re4 57. Rxa6 Rxe5+ 58. Kd6 Re6+ 59. Kd7 Rxa6 0-1

[Event "January 9 Early 2024"]
[Site "https://www.chess.com"]
[Date "2024.01.11"]
[Round "11"]
[White "Rogov, Matfey"]
[Black "Boruchovsky, Avital"]
[Result "0-1"]
[Board "173"]
[TimeControl "180+1"]
[WhiteFideId "44191308"]
[BlackFideId "2800055"]
[WhiteElo "2568"]
[BlackElo "2786"]
[WhiteTeam "RUS"]
[BlackTeam "ISR"]
[WhiteClock "0:00:03"]
[BlackClock "0:00:50"]

1. e4 e6 2. d4 d5 3. Nc3 Nf6 4. e5 Nfd7 5. f4 c5 6. Nf3 Nc6 7. Be3 a6 8. Ne2 cxd4 9. Nexd4 Nxd4 10. Nxd4 Nc5 11. c3 g6 12. Bd3 Nxd3+ 13. Qxd3 Bd7 14. O-O h5 15. Rae1 Qc8 16. Kh1 Qc4 17. Qb1 Be7 18. Nf3 Bb5 19. Rd1 Qe4 20. Qxe4 dxe4 21. Nd2 Bxf1 22. Rxf1 O-O-O 23. Nxe4 Kc7 24. Bd4 Rd5 25. g3 Rhd8 26. Rd1 b5 27. a3 a5 28. Kg2 b4 29. axb4 axb4 30. Kf3 Kc6 31. Ke3 Ra8 32. cxb4 Bxb4 33. Rc1+ Kb5 34. Rc7 Rad8 35. Nc3+ Bxc3 36. bxc3 R5d7 37. Rc5+ Ka4 38. Rc4+ Kb3 39. Kd3 Rb8 40. Rc6 Kb2 41. h3 Rb3 42. Rd6 Rc7 43. Rd8 Kc1 44. g4 h4 45. Rh8 Rb2 46. Rxh4 Rd2+ 47. Ke3 Kc2 48. Rh8 Rb7 49. Rc8 Rd3+ 50. Ke2 Rxh3 51. Ra8 Rb1 52. Ra2+ Kb3 53. Ra7 Rb2+ 54. Kf1 Rh1+ 55. Bg1 Rb1+ 56. Ke2 Rhxg1 57. Rxf7 Kxc3 58. Rc7+ Kd4 59. f5 gxf5 60. gxf5 exf5 61. e6 Rge1+ 62. Kf3 Rxe6 63. Kf4 Rf1+ 64. Kg5 f4 65. Kg4 f3 66. Kg3 Rg6+ 67. Kh2 f2 68. Rf7 Ke5 69. Rf8 Rf6 70. Re8+ Kd6 71. Rd8+ Ke7 72. Ra8 Rh1+ 73. Kg3 Rg1+ 74. Kh4 Rh6# 0-1

[Event "January 9 Early 2024"]
[Site "https://www.chess.com"]
[Date "2024.01.11"]
[Round "11"]
[White "Khegay, Yuliya"]
[Black "Mizzi, Jack"]
[Result "0-1"]
[Board "174"]
[TimeControl "180+1"]
[WhiteFideId "14205394"]
[BlackFideId "5602521"]
[WhiteElo "2243"]
[BlackElo "2501"]
[WhiteTeam "UZB"]
[BlackTeam "MLT"]
[WhiteClock "0:00:01"]
[BlackClock "0:00:04"]

1. d4 Nf6 2. Nf3 d5 3. c4 e6 4. Nc3 Bb4 5. Bg5 O-O 6. e3 dxc4 7. Bxc4 Nbd7 8. O-O h6 9. Bxf6 Nxf6 10. a3 Bxc3 11. bxc3 a6 12. a4 b6 13. Ne5 Bb7 14. Be2 c5 15. Bf3 Bxf3 16. Qxf3 Qd5 17. Qxd5 exd5 18. Rab1 Rab8 19. Nc6 Rb7 20. dxc5 Rc7 21. Rxb6 Rfc8 22. Nd4 Rxc5 23. Rxa6 Rxc3 24. h3 Ne4 25. Ra5 Nd2 26. Rd1 Rc1 27. Rxc1 Rxc1+ 28. Kh2 Nf1+ 29. Kg1 Nxe3+ 30. Kh2 Nf1+ 31. Kg1 Rd1 32. Nf3 h5 33. h4 f6 34. Ra8+ Kh7 35. a5 d4 36. Nxd4 Ne3+ 37. Kh2 Ng4+ 38. Kg3 Rxd4 39. a6 Ra4 40. a7 Ne5 41. f4 Ra3+ 42. Kf2 Nc6 43. Rc8 Nxa7 44. Rc7 Nb5 45. Rc5 Nd6 46. Rxh5+ Kg6 47. Rd5 Ne4+ 48. Kg1 f5 49. h5+ Kf6 50. Rb5 Rg3 51. Rb6+ Kf7 52. Rb7+ Kg8 53. Rb8+ Kh7 54. Rb5 Nd6 55. Rd5 Nf7 56. Rxf5 Nh6 57. Rg5 Ra3 58. Rb5 Ng4 59. Rc5 Ra1+ 0-1

[Event "January 9 Early 2024"]
[Site "https://www.chess.com"]
[Date "2024.01.11"]
[Round "11"]
[White "Klekowski, Maciej"]
[Black "Dominguez Perez, Leinier"]
[Result "1/2-1/2"]
[Board "175"]
[TimeControl "180+1"]
[WhiteFideId "1132717"]
[BlackFideId "3503240"]
[WhiteElo "2884"]
[BlackElo "2981"]
[WhiteTeam "POL"]
[BlackTeam "USA"]
[WhiteClock "0:00:10"]
[BlackClock "0:00:07"]

1. c4 c5 2. Nc3 g6 3. g3 Bg7 4. Bg2 Nc6 5. b3 e6 6. Ba3 Qa5 7. Bb2 Nge7 8. e3 O-O 9. Nge2 d5 10. O-O Rd8 11. cxd5 exd5 12. Na4 Bxb2 13. Nxb2 Bg4 14. f3 Bd7 15. g4 Rac8 16. Ng3 b5 17. f4 c4 18. f5 Ne5 19. d4 cxd3 20. Nxd3 Qc3 21. Nxe5 Qxe5 22. Qd4 Nc6 23. Qxd5 Qxe3+ 24. Kh1 Ne7 25. Qe4 Qxe4 26. Nxe4 Bc6 27. Rae1 Bxe4 28. Rxe4 Nd5 29. fxg6 hxg6 30. Re5 Nc3 31. Re7 Rd1 32. Rxd1 Nxd1 33. Bd5 Rc5 34. Bxf7+ Kg7 35. Rxa7 Kf6 36. Kg2 g5 37. Kf3 Ke5 38. Bg6 Nc3 39. Bf5 Nd5 40. a4 Rc3+ 41. Ke2 b4 42. a5 Rxb3 43. a6 Ra3 44. Kd2 Kd4 45. Rd7 Rxa6 46. Kc2 Ke5 47. Kb3 Ra3+ 48. Kb2 Rh3 49. Rg7 Kf4 50. Rd7 Ke5 51. Rg7 Ne3 52. Rxg5 Nc4+ 53. Ka1 Kd4 54. Be6 Rxh2 55. Bxc4 Kxc4 56. Rf5 Rh1+ 57. Kb2 Rh2+ 58. Kb1 Kb3 59. Rf3+ Ka4 60. Rg3 Rh1+ 61. Kb2 Rh2+ 62. Kb1 Rh6 63. g5 Rg6 64. Kb2 Kb5 65. Rg4 Kc5 66. Kb3 Kd5 67. Rxb4 Ke5 68. Rb5+ Kf4 69. Kc4 Rxg5 70. Rxg5 Kxg5 1/2-1/2

[Event "January 9 Early 2024"]
[Site "https://www.chess.com"]
[Date "2024.01.11"]
[Round "11"]
[White "Md, Sariatullah"]
[Black "Starozhilov, Leonid"]
[Result "0-1"]
[Board "176"]
[TimeControl "180+1"]
[WhiteFideId "10207333"]
[BlackFideId "14106752"]
[WhiteElo "2286"]
[BlackElo "2781"]
[WhiteTeam "BAN"]
[BlackTeam "UKR"]
[WhiteClock "0:00:17"]
[BlackClock "0:00:12"]

1. e4 g6 2. d4 Bg7 3. Nc3 d6 4. Be3 a6 5. f4 b5 6. a3 Bb7 7. Nf3 e6 8. Be2 Nf6 9. Nd2 O-O 10. O-O Nbd7 11. Bf3 c5 12. Qe1 Ng4 13. Bxg4 cxd4 14. Nd1 dxe3 15. Qxe3 Qb6 16. c3 Rac8 17. Bf3 Qxe3+ 18. Nxe3 Nc5 19. Rad1 Na4 20. Nb3 Nxb2 21. Rxd6 Rxc3 22. Na5 Bxe4 23. Bxe4 Rxe3 24. Bb7 Rxa3 25. Nc6 Nc4 26. Rd7 Nb6 27. Rc7 Nd5 28. Rd7 b4 29. Ne5 Nxf4 30. Rxf4 Bxe5 31. Rxb4 Ra1+ 32. Kf2 a5 33. Rb5 Bxh2 34. g3 Bg1+ 35. Kg2 Be3 36. Bc6 a4 37. Ra5 a3 38. Rb7 a2 39. Rb3 Rg1+ 40. Kh2 a1=Q 41. Rxa1 Rxa1 42. Kg2 Rc1 43. Rxe3 Rxc6 44. Kh3 Rfc8 45. Rf3 Rc3 46. Rf1 Rb8 47. Kg4 Rbb3 48. Kg5 Rxg3+ 49. Kh6 Rh3+ 50. Kg5 Rbg3+ 51. Kf4 Rf3+ 52. Rxf3 Rxf3+ 53. Kxf3 f5 54. Kf4 h5 55. Ke5 h4 56. Kf4 Kg7 57. Kg5 h3 58. Kf4 h2 59. Ke5 h1=Q 60. Kd6 Qd5+ 61. Ke7 e5 62. Ke8 e4 63. Ke7 e3 64. Ke8 e2 65. Ke7 e1=Q# 0-1

[Event "January 9 Early 2024"]
[Site "https://www.chess.com"]
[Date "2024.01.11"]
[Round "11"]
[White "Tulchynskyi, Feliks"]
[Black "Golubovic, Erik"]
[Result "1-0"]
[Board "177"]
[TimeControl "180+1"]
[WhiteFideId "34127895"]
[BlackFideId "14586908"]
[WhiteElo "2573"]
[BlackElo "2312"]
[WhiteTeam "UKR"]
[BlackTeam "CRO"]
[WhiteClock "0:00:09"]
[BlackClock "0:00:04"]

1. d4 Nf6 2. c4 c5 3. d5 b5 4. cxb5 a6 5. bxa6 Bxa6 6. Nc3 d6 7. Nf3 g6 8. Nd2 Bg7 9. e4 Bxf1 10. Nxf1 O-O 11. Ne3 Na6 12. O-O Qa5 13. Qe2 Rfb8 14. Nc4 Qc7 15. Rb1 Nd7 16. Bd2 Qa7 17. a4 Nb4 18. b3 Nc2 19. Nb5 Rxb5 20. axb5 Nd4 21. Qd3 Nxb5 22. Na5 Nd4 23. Bc3 Ne5 24. Qd1 Qb6 25. Nc4 Nxc4 26. bxc4 Qc7 27. Ra1 Rxa1 28. Bxa1 Qa5 29. Bxd4 Bxd4 30. Qc2 Qa3 31. Qe2 Kg7 32. g3 h5 33. Kg2 Qb3 34. Rd1 Qb4 35. Qd3 Qb2 36. Rd2 Qa1 37. Qb3 Qe1 38. Qd3 Qa1 39. Re2 Qc1 40. Qb3 Qa1 41. h3 Qc1 42. Qd3 Qa1 43. g4 hxg4 44. hxg4 Qc1 45. Rc2 Qb1 46. Rd2 Qc1 47. Qc2 Qe1 48. Rd1 Qa5 49. Rh1 g5 50. Qc1 Bf6 51. Qe3 Qa2 52. Qh3 Kg8 53. Qd3 Qb2 54. Rb1 Qe5 55. Qf3 Kg7 56. Rh1 Qd4 57. Rc1 Qb2 58. Rd1 Qe5 59. Qf5 Qc3 60. Rh1 Qxc4 61. Rh7+ Kg8 62. Rh5 Qc1 63. Qc8+ Kg7 64. Qh8+ Kg6 65. Qh7# 1-0

[Event "January 9 Early 2024"]
[Site "https://www.chess.com"]
[Date "2024.01.11"]
[Round "11"]
[White "Schnaider, Ilan"]
[Black "Kopczynski, Michal"]
[Result "1-0"]
[Board "178"]
[TimeControl "180+1"]
[WhiteFideId "169013"]
[BlackFideId "1124200"]
[WhiteElo "2742"]
[BlackElo "2531"]
[WhiteTeam "ARG"]
[BlackTeam "POL"]
[WhiteClock "0:00:05"]
[BlackClock "0:00:08"]

1. e4 b6 2. d4 Bb7 3. Nc3 e6 4. a3 Nf6 5. Bd3 d5 6. e5 Nfd7 7. Nce2 c5 8. c3 Nc6 9. Be3 Qc7 10. f4 O-O-O 11. Nf3 h6 12. Qa4 f5 13. Ba6 Be7 14. Bxb7+ Qxb7 15. c4 dxc4 16. Qxc4 Nf8 17. dxc5 b5 18. Qc3 Rd5 19. b4 g5 20. Qb3 g4 21. Nd2 Ng6 22. Nc3 Rd3 23. Ke2 Nd4+ 24. Kxd3 Nxb3 25. Nxb3 Rd8+ 26. Nd4 Qxg2 27. Rhf1 Bh4 28. Nxb5 Qe4+ 29. Kd2 Nxe5 30. fxe5 Bg5 31. Bxg5 Rxd4+ 32. Nxd4 Qxd4+ 33. Kc2 hxg5 34. Rad1 Qxe5 35. Rd2 Qe4+ 36. Kb3 Qe3+ 37. Kc2 Qxa3 38. Rb1 f4 39. Rd6 f3 40. Rbd1 Qxb4 41. c6 Qc4+ 42. Kb2 Kc7 43. Rd7+ Kxc6 44. R7d6+ Kc5 45. Rd8 Qe2+ 46. R1d2 Qb5+ 47. Ka2 Qc4+ 48. Kb2 Qb4+ 49. Ka2 Qa5+ 50. Kb2 Qb6+ 51. Ka2 Qxd8 52. Rxd8 e5 53. Kb2 e4 54. Kc2 e3 55. Kd3 e2 56. Kd2 a5 57. Rg8 Kb4 58. Rxg5 Kb3 59. Rxg4 a4 60. Rf4 a3 61. Rxf3+ Kb2 62. Rxa3 Kxa3 63. h4 Kb4 64. h5 Kc5 65. h6 Kd6 66. h7 Ke7 67. h8=Q 1-0

[Event "January 9 Early 2024"]
[Site "https://www.chess.com"]
[Date "2024.01.11"]
[Round "11"]
[White "Santos Flores, Alberto"]
[Black "Shkapenko, Pavel"]
[Result "1/2-1/2"]
[Board "179"]
[TimeControl "180+1"]
[WhiteFideId "3601234"]
[BlackFideId "4151933"]
[WhiteElo "2509"]
[BlackElo "2723"]
[WhiteTeam "ECU"]
[BlackTeam "FID"]
[WhiteClock "0:00:02"]
[BlackClock "0:00:09"]

1. e4 e5 2. Nf3 Nc6 3. Bc4 d6 4. O-O Be7 5. d4 Nf6 6. Nc3 Bg4 7. dxe5 dxe5 8. Be3 O-O 9. h3 Qxd1 10. Raxd1 Bxf3 11. gxf3 Nd4 12. Bxd4 exd4 13. Rxd4 Bd6 14. Ne2 Rfe8 15. c3 Nh5 16. Bb3 Re7 17. Bd5 Rb8 18. Rdd1 Be5 19. Rfe1 c6 20. Bb3 Rbe8 21. Rd3 Kf8 22. Red1 g6 23. Rd7 Kg7 24. Kg2 Bc7 25. Bc2 Nf6 26. Rxe7 Rxe7 27. Ng3 h5 28. h4 Bf4 29. Ne2 Bc7 30. Rd4 Bb6 31. Rd1 Nd5 32. exd5 Rxe2 33. Bb3 Rxf2+ 34. Kg3 Rxb2 35. dxc6 bxc6 36. Rd7 Bf2+ 37. Kh3 Kf6 38. Rxf7+ Ke5 39. Bc4 Rc2 40. Bd3 Rxc3 41. Bxg6 Rc4 42. Kg2 Bxh4 43. Rxa7 Bg5 44. Bxh5 Rc2+ 45. Kh3 Bf4 46. Bg6 Rh2+ 47. Kg4 Rg2+ 48. Kh5 Rg5+ 49. Kh6 Rg3+ 50. Kg7 Rxf3 51. Ra8 Kd5 52. a4 Be5+ 53. Kg8 Ra3 54. Kf7 Kc5 55. Bf5 Bc3 56. Ke6 Kd4 57. Rd8+ Kc4 58. Bd3+ Kc5 59. Ra8 Kd4 60. Bf1 c5 61. Bb5 Bb4 62. Rc8 Re3+ 63. Kf5 Ra3 64. Ke6 Ke4 65. Rc7 Kd4 66. Rc8 1/2-1/2